[Event "44th Chess Olympiad Open 2022"]
[Site "Chennai"]
[Date "2022.08.08"]
[Round "10.25"]
[White "Wageih, Kareim"]
[Black "Nikolovski, Nikola"]
[Result "1-0"]
[WhiteElo "2387"]
[BlackElo "2366"]
[Annotator "RC"]
[PlyCount "91"]
[EventDate "2022.??.??"]
[TimeControl "60"]

1. d4 e6 2. c4 f5 3. e3 Nf6 4. Bd3 d6 5. Nf3 Nc6 6. Nc3 e5 7. d5 Ne7 8. e4 f4 9. c5 Ng6 10. Bb5+ Bd7 11. Qb3 a6 12. Bxd7+ Nxd7 13. c6 Nc5 14. Qc2 a5 15. cxb7 Nxb7 16. Na4 Nc5 17. Nxc5 dxc5 18. h4 Bd6 19. Qa4+ Kf7 20. h5 Nf8 21. Bd2 h6 22. O-O-O Nd7 23. Nh4 Nb6 24. Qc2 a4 25. g3 a3 26. gxf4 axb2+ 27. Kb1 Qb8 28. Rh3 Qa7 29. a3 c4 30. fxe5 Bxa3 31. e6+ Ke8 32. Ng6 Rb8 33. Bc3 Bd6 34. Bxb2 Na4 35. Qxc4 Rxb2+ 36. Kc1 Bc5 37. Rb3 Rxb3 38. Qxb3 Nb6 39. Qb5+ Kd8 40. Qxc5 Re8 41. d6 Qa1+ 42. Kd2 Qa5+ 43. Qxa5 Nc4+ 44. Kc3 Nxa5 45. e7+ Kd7 46. Ne5+ 1-0

[Event "44th Chess Olympiad Open 2022"]
[Site "Chennai"]
[Date "2022.08.08"]
[Round "10.25"]
[White "Lazov, Toni"]
[Black "Fawzy, Adham"]
[Result "1/2-1/2"]
[WhiteElo "2374"]
[BlackElo "2471"]
[Annotator "RC"]
[PlyCount "66"]
[EventDate "2022.??.??"]
[TimeControl "60"]

1. e4 c5 2. Nc3 Nc6 3. f4 e6 4. Nf3 Nge7 5. d4 cxd4 6. Nxd4 d5 7. Be3 Nxd4 8. Qxd4 Nc6 9. Bb5 Bd7 10. Bxc6 bxc6 11. exd5 cxd5 12. f5 Qb6 13. fxe6 fxe6 14. Qd2 Bc5 15. Bxc5 Qxc5 16. Rf1 O-O-O 17. O-O-O Rhf8 18. Qg5 Rxf1 19. Rxf1 Rf8 20. Rd1 Rf7 21. Kb1 Qc4 22. Qe3 Kb7 23. b3 Qf4 24. Qc5 Qc7 25. Qb4+ Ka8 26.
g3 Bc6 27. Kb2 Rd7 28. Rf1 Rd8 29. Qc5 Qd6 30. Qa5 Rb8 31. Rf7 Rb7 32. Rxb7 Kxb7 33. Na4 Bxa4 1/2-1/2

[Event "44th Chess Olympiad Open 2022"]
[Site "Chennai"]
[Date "2022.08.08"]
[Round "10.26"]
[White "Draskovic, Luka"]
[Black "Mhango, Banele"]
[Result "1/2-1/2"]
[WhiteElo "2503"]
[BlackElo "2238"]
[Annotator "RC"]
[PlyCount "100"]
[EventDate "2022.??.??"]
[TimeControl "60"]

1. Nf3 Nf6 2. g3 d5 3. Bg2 Bf5 4. c4 e6 5. Qb3 Na6 6. cxd5 exd5 7. d3 Nc5 8. Qc2 h6 9. O-O Be7 10. b3 O-O 11. Bb2 Ne6 12. Nbd2 Bh7 13.
Nd4 Nxd4 14. Bxd4 a5 15. Nf3 c6 16. Rac1 Ne8 17. e4 Nd6 18.
Qb2 Ne8 19. Rfe1 Bf6 20. Bxf6 Qxf6 21. e5 Qe7 22. Qc3 Nc7 23. Nd4 Qb4 24. Bh3 Na6 25. Bf5 Qxc3 26. Bxh7+ Kxh7 27. Rxc3 c5 28. Nb5 d4 29. Rc2 Nb4 30. Rd2 a4 31. bxa4 Rxa4 32. a3 Nd5 33. e6 fxe6 34. Rxe6 Rd8 35. Kg2 Rd7 36. Rc2 Ra5 37. a4 b6 38. Rc4 Kg8 39. Kf1 Kf8 40. Rc6 Ke7 41. Rg6 Kf7 42. Rc6 Ke7 43.
Rg6 Kf7 44. Rc6 Ra8 45. Nd6+ Kf8 46. Nc8 Rb7 47. Rd6 Rxc8 48. Rxd5 Ra8 49. Rd6 Kf7 50. Rc6 Ra5 1/2-1/2

[Event "44th Chess Olympiad Open 2022"]
[Site "Chennai"]
[Date "2022.08.08"]
[Round "10.26"]
[White "Kobese, Watu"]
[Black "Blagojevic, Dragisa"]
[Result "1/2-1/2"]
[WhiteElo "2311"]
[BlackElo "2499"]
[Annotator "RC"]
[PlyCount "77"]
[EventDate "2022.??.??"]
[TimeControl "60"]

1. e4 e5 2. Nf3 Nc6 3. Bc4 Bc5 4. c3 Nf6 5. d4 exd4 6. b4 Be7 7. e5 Ne4 8. b5 Na5 9. Bd3 Nc5 10. cxd4 Nxd3+ 11. Qxd3 d6 12. Bd2 b6 13. O-O O-O 14. Bxa5 bxa5 15. Qe4 Rb8 16. Nc3 Bb7 17. Qe3 Re8 18. Rfd1 Bf8 19. a4 Qd7 20. Qf4 h6 21. Ne4 a6 22. bxa6 Bxa6 23.
Qxh6 Qf5 24. Qe3 Bb7 25. Ng3 Qe6 26. d5 Bxd5 27. Ng5 Qxe5 28. Qxe5 Rxe5 29. f4 Rxg5 30. fxg5 Bb3 31. Rdc1 c5 32. Ne4 Rb4 33. Re1 d5 34. Nd2 Bxa4 35. Reb1 Bc2 36. Rc1 Ba4 37. Rcb1 Bc2 38. Rc1 Ba4 39. Rcb1 1/2-1/2

[Event "44th Chess Olympiad Open 2022"]
[Site "Chennai"]
[Date "2022.08.08"]
[Round "10.26"]
[White "Barrish, Daniel"]
[Black "Djukic, Nikola"]
[Result "0-1"]
[WhiteElo "2283"]
[BlackElo "2526"]
[Annotator "RC"]
[PlyCount "68"]
[EventDate "2022.??.??"]
[TimeControl "60"]

1. d4 Nf6 2. c4 g6 3. Nc3 Bg7 4. e4 d6 5. f3 O-O 6. Be3 c5 7. Nge2 Nc6 8. d5 Ne5 9. Ng3 h5 10. Be2 h4 11. Nf1 e6 12. Bg5 exd5 13. Nxd5 Be6 14. Nfe3 Nxd5 15. Bxd8 Nxe3 16. Qb3 Nxg2+ 17. Kf2 Nf4 18. Be7 Nxe2 19. Bxf8 Rxf8 20. Qxb7 Nd4 21. b3 f5 22. exf5 Bxf5 23. Rhf1 Nexf3 24. Qd5+ Be6 25. Qxd6 Nd2+ 26. Kg1 Nxf1 27. Re1 Bh3 28. Qd5+ Kh8 29. Re4 Nf3+ 30. Kh1 N1d2 31. Re3 Bg4 32. h3 Nf1 33. hxg4 Nxe3 34. Qxc5 Nd4 0-1

[Event "44th Chess Olympiad Open 2022"]
[Site "Chennai"]
[Date "2022.08.08"]
[Round "10.27"]
[White "Borisek, Jure"]
[Black "Olson, Hamish"]
[Result "1-0"]
[WhiteElo "2577"]
[BlackElo "2343"]
[Annotator "RC"]
[PlyCount "65"]
[EventDate "2022.??.??"]
[TimeControl "60"]

1. e4 e5 2. Nf3 Nc6 3. Bb5 a6 4. Ba4 Nf6 5. O-O Be7 6. Re1 b5 7. Bb3 O-O 8. a4 b4 9. a5 d6 10. c3 bxc3 11. dxc3 h6 12. Nbd2 Nh7 13. Nf1 Ng5 14. Bd5 Bd7 15. Ng3 Nxf3+ 16. Qxf3 Bg5 17. b4 Bxc1 18. Raxc1 g6 19. Qe2 Kg7 20. Rf1 Qb8 21. Kh1 Qa7 22. h4 Rae8 23. h5 Nd8 24. f4 exf4 25. Rxf4 Be6 26. Rd1 Bxd5 27. Rxd5 Ne6 28. Rf1 c6 29. Rxd6 Qe7 30. Qg4 Ng5 31. Rxc6 Rd8 32. Qf4 Ne6 33. Qe5+ 1-0

[Event "44th Chess Olympiad Open 2022"]
[Site "Chennai"]
[Date "2022.08.08"]
[Round "10.27"]
[White "Sebenik, Matej"]
[Black "Greet, Andrew N"]
[Result "1/2-1/2"]
[WhiteElo "2512"]
[BlackElo "2392"]
[Annotator "RC"]
[PlyCount "135"]
[EventDate "2022.??.??"]
[TimeControl "60"]

1. d4 e6 2. c4 f5 3. g3 Nf6 4. Bg2 d5 5. Nh3 Bd6 6. O-O O-O 7. Nd2 Nc6 8.
Nf3 dxc4 9. Qa4 Nb4 10. Qb5 Bd7 11. Qxc4 Qe8 12. Bf4 Bb5 13. Qb3 Ba4 14. Qc3 Nbd5 15. Qc1 Nxf4 16. Nxf4 Bc6 17. Ng5 Bxf4 18. Qxf4 Bxg2 19. Kxg2 h6 20. Nf3 Nd5 21. Qd2 f4 22. Qd3 a6 23. Rac1 Rf6 24. Ne5 Rd8 25. a3 Rf5 26. Qb3 Qb5 27. Qxb5 axb5 28. Nd3 g5 29. Nc5 b6 30. Nd3 Ra8 31. Rfe1 Raf8 32. Kg1 h5 33. Rc6 R5f6 34. e4 fxe3 35. fxe3 Rc8 36. Ne5 Ne7 37. Nd7 Nxc6 38. Nxf6+ Kf7 39. Nxh5 Na5 40. g4 Nc4 41. Re2 Rd8 42. Ng3 Kg6 43. Kf2 c5 44. h3 Rh8 45. Kg2 Rd8 46. Ne4 cxd4 47. exd4 Rxd4 48. Nc3 e5 49. Nxb5 Rd3 50. Nc3 Nxb2 51. Rxb2 Rxc3 52. Rxb6+ Kf7 53. Ra6 e4 54. a4 Rc2+ 55. Kg3 Rc3+ 56. Kf2 Rxh3 57. Ra5 Ra3 58. Rf5+ Kg6 59. a5 Rb3 60. Rc5 Ra3 61. Rc6+ Kg7 62. a6 Kf7 63. Ke2 Kg7 64. Kd2 Kf7 65. Kc2 e3 66. Kd1 Ra2 67. Ke1 Kg7 68.
Rb6 1/2-1/2

[Event "44th Chess Olympiad Open 2022"]
[Site "Chennai"]
[Date "2022.08.08"]
[Round "10.27"]
[White "Gourlay, Iain"]
[Black "Subelj, Jan"]
[Result "0-1"]
[WhiteElo "2321"]
[BlackElo "2498"]
[Annotator "RC"]
[PlyCount "94"]
[EventDate "2022.??.??"]
[TimeControl "60"]

1. d4 d5 2. Nf3 Nf6 3. g3 Bf5 4. Bg2 e6 5. c4 c6 6. Nc3 h6 7. Qb3 Qb6 8. c5 Qc7 9. Bf4 Qc8 10. Nd2 Be7 11. e4 Bh7 12. O-O O-O 13.
Rfe1 Rd8 14. Rad1 b6 15. cxb6 axb6 16. Qxb6 g5 17. Be3 Na6 18. Qb3 Rb8 19. Qc2 Nb4 20. Qb1 c5 21. Nb3 c4 22. Nc1 Qb7 23.
f4 Nxe4 24. Nxe4 Bxe4 25. Bxe4 dxe4 26. fxg5 hxg5 27. a3 Nd3 28. Nxd3 cxd3 29. b4 Bf6 30. Qb2 Qd5 31. Rf1 Bg7 32. Rc1 Bxd4 33. Bxd4 Qxd4+ 34. Qxd4 Rxd4 35. Kf2 d2 36. Ra1 Rbd8 37. Ke2 f5 38. Rad1 Rd3 39. a4 R3d4 40. Rb1 f4 41. gxf4 gxf4 42. Rfd1 Rd3 43. b5 f3+ 44. Kf2 Rf8 45. Rg1+ Kh8 46. b6 e3+ 47. Kg3 f2 0-1

[Event "44th Chess Olympiad Open 2022"]
[Site "Chennai"]
[Date "2022.08.08"]
[Round "10.27"]
[White "Tate, Alan"]
[Black "Markoja, Boris"]
[Result "1/2-1/2"]
[WhiteElo "2313"]
[BlackElo "2452"]
[Annotator "RC"]
[PlyCount "63"]
[EventDate "2022.??.??"]
[TimeControl "60"]

1. Nf3 d5 2. g3 Nd7 3. d4 Nb6 4. Bg2 Bf5 5. Nh4 e6 6. Nxf5 exf5 7. Qd3 g6 8. a4 a5 9. O-O Nf6 10. b3 Be7 11. c4 O-O 12. Nc3 c6 13.
Bg5 Ne4 14. Bxe7 Qxe7 15. cxd5 Nxc3 16. Qxc3 Nxd5 17. Bxd5 cxd5 18. Qd2 Rfc8 19. Rfc1 Qb4 20. Qxb4 axb4 21. Rc5 Rxc5 22. dxc5 Rc8 23. Rd1 Rxc5 24. Rd4 b5 25. a5 Rc1+ 26. Kg2 Ra1 27. Rxd5 Rxa5 28. Rd4 Kf8 29. Rxb4 Ke7 30. Rd4 Ra3 31. Rb4 Ra5 32. Rd4 1/2-1/2

[Event "44th Chess Olympiad Open 2022"]
[Site "Chennai"]
[Date "2022.08.08"]
[Round "10.28"]
[White "Henriquez Villagra, Cristobal"]
[Black "Khusenkhojaev, Muhammad"]
[Result "1-0"]
[WhiteElo "2620"]
[BlackElo "2397"]
[Annotator "RC"]
[PlyCount "65"]
[EventDate "2022.??.??"]
[TimeControl "60"]

1. c4 Nf6 2. Nc3 d5 3. cxd5 Nxd5 4. Nf3 c5 5. e4 Nxc3 6.
dxc3 Qxd1+ 7. Kxd1 Nc6 8. Kc2 e6 9. a4 Bd6 10. Bb5 e5 11. Be3 f6 12. Rhd1 Be7 13. Nd2 Bd7 14. Nb3 a6 15. Be2 b6 16. a5 bxa5 17. Nxc5 Bxc5 18. Bxc5 a4 19. Rd6 Na5 20. Rad1 Bc6 21. f3 Kf7 22. Bb4 Bb5 23.
Bxb5 axb5 24. Bxa5 Rxa5 25. Rd7+ Kg6 26. Rb7 Kh6 27. Kb1 g6 28. Ka2 f5 29. exf5 gxf5 30. Rd6+ Kg5 31. g3 a3 32. Rg7+ Kh5 33. g4+ 1-0

[Event "44th Chess Olympiad Open 2022"]
[Site "Chennai"]
[Date "2022.08.08"]
[Round "10.28"]
[White "Salinas Herrera, Pablo"]
[Black "Sharifov, Mekhriddin"]
[Result "0-1"]
[WhiteElo "2526"]
[BlackElo "2097"]
[Annotator "RC"]
[PlyCount "120"]
[EventDate "2022.??.??"]
[TimeControl "60"]

1. e4 c5 2. Nf3 d6 3. Bb5+ Nd7 4. a4 Ngf6 5. Nc3 e6 6. O-O a6 7. Be2 b6 8. d4 cxd4 9. Qxd4 Be7 10. Rd1 Qc7 11. Nd2 O-O 12. Nc4 Rd8 13.
Be3 e5 14. Qd2 Nc5 15. f3 Be6 16. Nd5 Bxd5 17. exd5 a5 18. Ra3 Nh5 19. c3 f5 20. Qc2 Rf8 21. b4 Nd7 22. bxa5 bxa5 23. Rb3 Bh4 24. Rdb1 f4 25. Rb7 Qd8 26. Bc1 Nc5 27. R7b6 Bg3 28. h3 Qh4 29. Bd1 e4 30. fxe4 Nxe4 31. Qxe4 Rae8 32. Qxe8 Rxe8 33. Rb8 Bf2+ 34. Kh2 Qe7 35. Bd2 Ng3 36. Rxe8+ Qxe8 37. Bg4 h5 38. Be6+ Kh7 39. Bxf4 Qg6 40. Nd2 Ne2 41. Bxd6 Bg3+ 42. Bxg3 Qxg3+ 43. Kh1 Qd3 44. d6 Qxd2 45. d7 Kg6 46. c4 Kf6 47. Bd5 Ke7 48. Bc6 Nd4 49. Bd5 Kxd7 50.
c5 Qc3 51. Rd1 Qxc5 52. Bf3 g6 53. Be4 g5 54. Bf3 h4 55.
Bg4+ Kd6 56. Rf1 Qc4 57. Rf6+ Ke5 58. Rg6 Kf4 59. Kh2 Qxa4 60. Rf6+ Ke5 0-1

[Event "44th Chess Olympiad Open 2022"]
[Site "Chennai"]
[Date "2022.08.08"]
[Round "10.28"]
[White "Khusenkhojaev, Mustafokhuja"]
[Black "Morovic Fernandez, Ivan"]
[Result "1/2-1/2"]
[WhiteElo "2238"]
[BlackElo "2489"]
[Annotator "RC"]
[PlyCount "56"]
[EventDate "2022.??.??"]
[TimeControl "60"]

1. d4 Nf6 2. Nf3 d5 3. c4 e6 4. g3 Bb4+ 5. Bd2 Be7 6. Bg2 O-O 7. Qc2 c6 8. O-O b6 9. Rd1 Ba6 10. Ne5 Nfd7 11. cxd5 cxd5 12. e4 Nxe5 13. exd5 Be2 14. dxe5 Bxd1 15. Qxd1 exd5 16. Nc3 Nc6 17. Nxd5 Nxe5 18. Nxe7+ Qxe7 19. Bxa8 Rxa8 20. Bc3 Rd8 21.
Qe2 Ng6 22. Qf3 Qd7 23. Re1 f6 24. h4 Qd5 25. Qg4 Qd7 26.
Qf3 Qd5 27. Qg4 Qd7 28. Qf3 Qd5 1/2-1/2

[Event "44th Chess Olympiad Open 2022"]
[Site "Chennai"]
[Date "2022.08.08"]
[Round "10.28"]
[White "Ilkhomi, Jaloliddin"]
[Black "Lopez Silva, Hugo"]
[Result "0-1"]
[WhiteElo "2076"]
[BlackElo "2403"]
[Annotator "RC"]
[PlyCount "104"]
[EventDate "2022.??.??"]
[TimeControl "60"]

1. d4 Nf6 2. Nf3 g6 3. Bg5 Bg7 4. Nbd2 O-O 5. c3 d6 6. e4 c5 7. dxc5 dxc5 8. Bc4 Nc6 9. O-O Qc7 10. Qe2 h6 11. Be3 b6 12. Rac1 Ng4 13. b4 Nd8 14. Nb3 Nxe3 15.
Qxe3 Be6 16. Nfd2 Bxc4 17. Nxc4 Nb7 18. bxc5 Rac8 19. f4 Nxc5 20. e5 Rfd8 21. Nb2 Qc6 22. c4 Qe4 23. Qc3 Nd3 24. Nxd3 Rxd3 25. Qc2 Rcd8 26. c5 Qc6 27. cxb6 Qxb6+ 28. Qc5 Qa6 29. Qxe7 Qxa2 30. e6 Qxb3 31. Qxf7+ Kh8 32. Qxg6 Rd1 33. Rcxd1 Rxd1 34. Rxd1 Qxd1+ 35. Kf2 Qd4+ 36. Kf3 Qd5+ 37. Kg3 Qd8 38. Qf7 Qg8 39. Qd7 Bf6+ 40. Kf3 Qg7 41. Qe8+ Kh7 42. g4 a5 43. Qb5 Qc7 44. g5 hxg5 45. fxg5 Qc3+ 46. Kg4 Qd4+ 47. Kf3 Qd1+ 48. Ke4 Qg4+ 49. Kd5 Qf5+ 50. Kc6 Qxe6+ 51. Kb7 Qe4+ 52. Qc6 Qxc6+ 0-1

[Event "44th Chess Olympiad Open 2022"]
[Site "Chennai"]
[Date "2022.08.08"]
[Round "10.29"]
[White "Gan-Erdene, Sugar"]
[Black "Mwadzura, Roy"]
[Result "1-0"]
[WhiteElo "2428"]
[BlackElo "2093"]
[Annotator "RC"]
[PlyCount "103"]
[EventDate "2022.??.??"]
[TimeControl "60"]

1. d4 Nf6 2. c4 e6 3. g3 d5 4. Nf3 Be7 5. Bg2 O-O 6. O-O dxc4 7. Qa4 a6 8.
Qxc4 b5 9. Qc2 Bb7 10. Bd2 Be4 11. Qc1 Nbd7 12. Ba5 Rc8 13. Nbd2 Ba8 14. Ne5 Bxg2 15. Kxg2 Nxe5 16. dxe5 Ng4 17. Nf3 Qe8 18. h3 Nh6 19. Bd2 Kh8 20. Bxh6 gxh6 21. Qxh6 Rg8 22. Qf4 c5 23. Rfd1 Rg7 24. Qe4 Rc7 25. a4 Rg8 26. h4 c4 27. Rac1 Qc8 28. axb5 axb5 29. Qf4 b4 30. Ng5 Rf8 31. Ne4 c3 32. bxc3 bxc3 33. Nf6 Rc4 34. Rd4 Rxd4 35. Qxd4 Qc6+ 36. Qe4 Qxe4+ 37. Nxe4 Bb4 38. Nxc3 Ba3 39. Rb1 h6 40. Ne4 Rd8 41. Rb3 Bf8 42. Rd3 Ra8 43. Rd7 Kg8 44. f4 Ra3 45. Kf2 Ra5 46. g4 Ra4 47. Kf3 Ra3+ 48. e3 Ra1 49. g5 Rh1 50. g6 h5 51. gxf7+ Kh8 52. Ng5 1-0

[Event "44th Chess Olympiad Open 2022"]
[Site "Chennai"]
[Date "2022.08.08"]
[Round "10.29"]
[White "Amartuvshin, Ganzorig"]
[Black "Mushore, Emarald Takudzwa"]
[Result "1-0"]
[WhiteElo "2409"]
[BlackElo "2153"]
[Annotator "RC"]
[PlyCount "90"]
[EventDate "2022.??.??"]
[TimeControl "60"]

1. d4 Nf6 2. c4 e6 3. Nf3 d5 4. Nc3 Be7 5. Bf4 O-O 6. a3 dxc4 7. e4 c5 8.
dxc5 Qa5 9. Nd2 Qxc5 10. Bxc4 Nc6 11. b4 Qh5 12. O-O e5 13.
Qxh5 Nxh5 14. Be3 Be6 15. Bxe6 fxe6 16. Nb3 Rac8 17. Rac1 Rfd8 18. Rfd1 Nf4 19. Rxd8+ Rxd8 20. g3 Nd3 21. Rc2 Ne1 22. Rc1 Nf3+ 23. Kg2 Nfd4 24. Bxd4 exd4 25. Nb1 a6 26. N1d2 e5 27. Kf1 Kf7 28. Ke2 Ke6 29. Kd3 Rf8 30. f3 g5 31. Ke2 h5 32. h3 Rd8 33.
Kd3 Rf8 34. Rg1 Rg8 35. Nc4 Rf8 36. Nbd2 Rc8 37. Rb1 b5 38. Nb6 Rb8 39. Nd5 Rc8 40. Nb3 Bd6 41. Rc1 Na7 42. Rh1 Nc6 43. Rc1 Na7 44. Rxc8 Nxc8 45. f4 gxf4 1-0

[Event "44th Chess Olympiad Open 2022"]
[Site "Chennai"]
[Date "2022.08.08"]
[Round "10.29"]
[White "Makoto, Rodwell"]
[Black "Batsuren, Dambasuren"]
[Result "0-1"]
[WhiteElo "2346"]
[BlackElo "2518"]
[Annotator "RC"]
[PlyCount "78"]
[EventDate "2022.??.??"]
[TimeControl "60"]

1. Nf3 Nf6 2. c4 e6 3. g3 d5 4. d4 dxc4 5. Qa4+ Nc6 6.
Qxc4 Qd5 7. Qxd5 exd5 8. Bg2 Nb4 9. Na3 c6 10. O-O Be7 11.
Bd2 a5 12. Rfc1 Bf5 13. Ne1 Ne4 14. Bxb4 Bxb4 15. Nac2 Bd2 16. Rd1 Bh6 17. Nd3 Nd6 18. Nce1 O-O 19. e3 Rfe8 20. Nc5 a4 21. h3 g6 22. g4 Bc8 23. Nf3 Bg7 24. b3 a3 25. Rac1 h6 26.
Ne5 g5 27. Rc2 Re7 28. Bf3 Bxe5 29. dxe5 Rxe5 30. e4 dxe4 31. Rxd6 exf3 32. Rd8+ Kg7 33. Rc3 Re2 34. Rxf3 Bxg4 35. Rxf7+ Kxf7 36. Rxa8 Bf3 37. Rxa3 Re1+ 38. Kh2 h5 39. b4 Rh1+ 0-1

[Event "44th Chess Olympiad Open 2022"]
[Site "Chennai"]
[Date "2022.08.08"]
[Round "10.29"]
[White "Zhemba, Jemusse"]
[Black "Bilguun, Sumiya"]
[Result "1/2-1/2"]
[WhiteElo "2162"]
[BlackElo "2463"]
[Annotator "RC"]
[PlyCount "85"]
[EventDate "2022.??.??"]
[TimeControl "60"]

1. Nf3 c5 2. g3 g6 3. Bg2 Bg7 4. O-O Nc6 5. c4 e5 6. Nc3 d6 7. d3 Nge7 8. a3 a5 9. Ne1 Be6 10. Nc2 d5 11. cxd5 Nxd5 12. Ne3 Nb6 13.
Ne4 Qe7 14. Nc4 Nxc4 15. dxc4 Rd8 16. Qa4 O-O 17. Bg5 f6 18. Be3 Nd4 19. Nc3 Qf7 20. Bxd4 cxd4 21. Nd5 f5 22. Rac1 Ra8 23. Nb6 Ra6 24. Qb5 e4 25. c5 Qc7 26. Kh1 h5 27. f3 h4 28.
fxe4 hxg3 29. exf5 gxf5 30. Qd3 Bh6 31. Qxg3+ Qxg3 32. hxg3 Bxc1 33. Rxc1 Rf7 34. Rd1 Rc7 35. b4 axb4 36. axb4 Bb3 37. Rxd4 Ra1+ 38. Kh2 Rh7+ 39. Rh4 Re7 40. Bf3 Be6 41. Kg2 Kg7 42. Kf2 Rb1 43. Rf4 1/2-1/2

[Event "44th Chess Olympiad Open 2022"]
[Site "Chennai"]
[Date "2022.08.08"]
[Round "10.30"]
[White "Taher, Yoseph Theolifus"]
[Black "Wong, Yinn Long"]
[Result "1/2-1/2"]
[WhiteElo "2463"]
[BlackElo "2381"]
[Annotator "RC"]
[PlyCount "78"]
[EventDate "2022.??.??"]
[TimeControl "60"]

1. e4 c5 2. Nf3 Nc6 3. Bb5 d6 4. O-O Bd7 5. Re1 Nf6 6. c3 a6 7. Bf1 Bg4 8. d4 Bxf3 9. gxf3 cxd4 10. cxd4 d5 11. e5 Nh5 12. e6 g6 13.
exf7+ Kxf7 14. Bh3 Ng7 15. Bg5 Qd6 16. Qd2 e6 17. Nc3 Be7 18.
Bf4 Qd7 19. Be5 Bf6 20. Bxf6 Kxf6 21. Qf4+ Nf5 22. Bxf5 exf5 23. Re5 Nxe5 24. Qxe5+ Kf7 25. Nxd5 Rhe8 26.
Qf6+ Kg8 27. Rc1 Re6 28. Rc7 Qxc7 29. Qxe6+ Qf7 30. Qd6 Rf8 31. h4 f4 32. Qe5 Qg7 33. Qe4 g5 34. h5 g4 35. Qe6+ Qf7 36.
Qe5 Qg7 37. Qe6+ Qf7 38. Qe5 Qg7 39. Qe6+ Qf7 1/2-1/2

[Event "44th Chess Olympiad Open 2022"]
[Site "Chennai"]
[Date "2022.08.08"]
[Round "10.30"]
[White "Kurniawan, Muhamad Agus"]
[Black "Poh, Yu Tian"]
[Result "1/2-1/2"]
[WhiteElo "2328"]
[BlackElo "2118"]
[Annotator "RC"]
[PlyCount "239"]
[EventDate "2022.??.??"]
[TimeControl "60"]

1. e4 c5 2. Nf3 d6 3. Bb5+ Nd7 4. d4 cxd4 5. Qxd4 a6 6. Bxd7+ Bxd7 7. O-O e5 8. Qd3 Rc8 9. c4 b5 10. Nfd2 Nf6 11. Nc3 Qb6 12. b3 Be7 13. Bb2 O-O 14. Rac1 Rc7 15. cxb5 axb5 16. b4 Rfc8 17. a3 h6 18. h3 Qb8 19. Rfd1 Rb7 20. Nf1 Be6 21. Ne3 Bc4 22. Qb1 g6 23. Nxc4 Rxc4 24. Nd5 Nxd5 25. Rxc4 Ne3 26. Rc6 Nxd1 27. Qxd1 Rc7 28. Qc2 Bd8 29. Bc1 h5 30. a4 Rxc6 31. Qxc6 bxa4 32. Qxa4 Bb6 33. Qd7 Qc7 34. Qxc7 Bxc7 35. Be3 Bb8 36. g4 hxg4 37. hxg4 f6 38. Bb6 Kf7 39. Bd8 Ke6 40. Kg2 d5 41. exd5+ Kxd5 42. Bxf6 Bd6 43. b5 Kc5 44. Kf3 Kxb5 45. Ke4 Kc6 46. Bxe5 Bb4 47. Bd4 Kd6 48. Kf4 Kd5 49. Be3 Be7 50. Bb6 Ke6 51. Bd4 Kf7 52. Bb6 Ke6 53. f3 Kf7 54. Ke5 Bf6+ 55. Kd6 Be7+ 56. Kd7 Bg5 57. Bd8 Bf4 58. Bh4 Be5 59.
Bg5 Bc3 60. Kd6 Bb4+ 61. Kd5 Bc3 62. Be3 Bb2 63. Bd4 Bc1 64.
Ke5 Ba3 65. Bb6 Bb2+ 66. Kf4 Bf6 67. Be3 Be7 68. Ke5 Bf6+ 69.
Kd5 Be7 70. Bc5 Bg5 71. Bd6 Bf6 72. Bc7 Be7 73. Ke5 Bf6+ 74.
Kd6 Be7+ 75. Kd7 Bf6 76. Bd8 Be5 77. Bg5 Bc3 78. Kd6 Bb4+ 79.
Kd5 Ba3 80. Bd8 Bc1 81. Ke4 Bd2 82. Kd3 Bf4 83. Ke2 g5 84.
Kd3 Kg6 85. Ke4 Bd6 86. Kd5 Bf4 87. Ke6 Be3 88. Ke5 Bf4+ 89.
Ke4 Bd2 90. Bb6 Bf4 91. Bd4 Bd6 92. Be5 Bb4 93. Bg3 Bd2 94. Bd6 Bc1 95. Kd3 Bb2 96. Bb4 Be5 97. Bc3 Bd6 98. Ke4 Bc7 99. Be5 Bb6 100. Bd6 Bd8 101. Kd5 Bf6 102. Be5 Bd8 103. Kc6 Ba5 104. Bd4 Bd2 105. Be5 Ba5 106. Kb5 Bd2 107. Bd6 Be3 108. Kc4 Bb6 109. Be5 Be3 110. Bd6 Bb6 111. Be5 Be3 112. Bd4 Bf4 113. Kd5 Bd2 114. Bc5 Bf4 115. Bd6 Bd2 116. Ke4 Ba5 117. Be7 Bd2 118. Bc5 Bc3 119. Be3 Bb4 120. Bxg5 1/2-1/2

[Event "44th Chess Olympiad Open 2022"]
[Site "Chennai"]
[Date "2022.08.08"]
[Round "10.30"]
[White "Lim, Zhuo Ren"]
[Black "Priasmoro, Novendra"]
[Result "0-1"]
[WhiteElo "2318"]
[BlackElo "2494"]
[Annotator "RC"]
[PlyCount "91"]
[EventDate "2022.??.??"]
[TimeControl "60"]

1. Nf3 Nf6 2. g3 g6 3. Bg2 Bg7 4. d4 O-O 5. c4 d6 6. O-O Nc6 7. Nc3 e5 8. dxe5 dxe5 9. Bg5 Be6 10. Qa4 h6 11. Rad1 Qe8 12. Bxf6 Bxf6 13. Nd5 Bd8 14. Qb3 Bc8 15. c5 Kh7 16. e4 Bg4 17. Qxb7 Rb8 18.
Qa6 Rxb2 19. Rb1 Rxb1 20. Rxb1 Qe6 21. Ne1 Nd4 22. Qxe6 Bxe6 23. Rb7 c6 24. Rxa7 cxd5 25. exd5 Bf5 26. Nf3 Kg8 27. g4 Bxg4 28. Nxe5 Bf5 29. h3 Bg5 30. d6 Re8 31. Ra8 Kf8 32. a4 Bf6 33.
Ng4 Bxg4 34. hxg4 Rxa8 35. Bxa8 Be5 36. Bd5 Ne2+ 37. Kf1 Nc3 38. d7 Bc7 39. Bc6 Ke7 40. f3 Na2 41. Ke2 Nc1+ 42. Ke3 Nb3 43.
f4 Nxc5 44. f5 gxf5 45. gxf5 Nxd7 46. Kd4 0-1

[Event "44th Chess Olympiad Open 2022"]
[Site "Chennai"]
[Date "2022.08.08"]
[Round "10.30"]
[White "Tan, Jun Ying"]
[Black "Ervan, Mohamad"]
[Result "0-1"]
[WhiteElo "2191"]
[BlackElo "2402"]
[Annotator "RC"]
[PlyCount "112"]
[EventDate "2022.??.??"]
[TimeControl "60"]

1. d4 Nf6 2. c4 e6 3. Nc3 Bb4 4. e3 O-O 5. Nge2 c6 6. a3 Ba5 7. c5 d5 8. cxd6 Qxd6 9. b4 Bc7 10. g3 a5 11. b5 cxb5 12. Bg2 Bd7 13. O-O Na6 14. e4 e5 15.
dxe5 Qxe5 16. Be3 Bc6 17. Bd4 Qe6 18. Re1 Rfe8 19. Nf4 Bxf4 20. gxf4 b4 21. axb4 Nxb4 22. Qe2 Qg4 23. Qxg4 Nxg4 24. Re2 Nd3 25. f3 Nxf4 26. Rea2 Ne5 27. Rxa5 Rxa5 28. Rxa5 f6 29. Bxe5 Rxe5 30. Ra8+ Kf7 31. Bf1 Rc5 32. Ra3 Ke6 33. Kf2 Kd6 34. Ke3 Ne6 35. f4 Rh5 36. Ra2 Rh4 37. Rd2+ Ke7 38. Nd5+ Bxd5 39. exd5 Nxf4 40. d6+ Kd8 41. Bb5 Rh5 42. Bc4 Ne6 43. Rb2 Re5+ 44. Kd3 Kc8 45. Rb6 Nd8 46. Bg8 Rh5 47. Kd4 Rxh2 48. Bd5 Rh4+ 49. Kc5 Rh5 50. Kd4 Rg5 51. Rb2 Kd7 52. Kc5 h5 53. Re2 b6+ 54. Kc4 Kxd6 55.
Rd2 b5+ 56. Kxb5 Rxd5+ 0-1

[Event "44th Chess Olympiad Open 2022"]
[Site "Chennai"]
[Date "2022.08.08"]
[Round "10.31"]
[White "Cubas, Jose Fernando"]
[Black "Dornbusch, Tatiana"]
[Result "1-0"]
[WhiteElo "2451"]
[BlackElo "2247"]
[Annotator "RC"]
[PlyCount "59"]
[EventDate "2022.??.??"]
[TimeControl "60"]

1. e4 e5 2. Nf3 Nc6 3. Bc4 Nf6 4. d3 Be7 5. O-O O-O 6. Re1 d6 7. a4 Be6 8. Nbd2 Re8 9. Bxe6 fxe6 10. Nc4 Nd7 11. c3 Bf6 12. b4 d5 13. b5 dxc4 14. bxc6 Nc5 15. cxb7 Rb8 16. Rb1 Nxd3 17. Rf1 c5 18. Be3 Qa5 19. Qc2 Qa6 20. Qa2 Re7 21. Nd2 Rexb7 22. Rxb7 Rxb7 23. Nxc4 Rd7 24. g3 Bd8 25. f3 Kf7 26. Qb3 Ke8 27. Rd1 Ke7 28. Qb5 Qc8 29. Kf1 a6 30. Qb1 1-0

[Event "44th Chess Olympiad Open 2022"]
[Site "Chennai"]
[Date "2022.08.08"]
[Round "10.31"]
[White "Bagheri, Amir"]
[Black "Delgado Ramirez, Neuris"]
[Result "1-0"]
[WhiteElo "2375"]
[BlackElo "2614"]
[Annotator "RC"]
[PlyCount "75"]
[EventDate "2022.??.??"]
[TimeControl "60"]

1. d4 Nf6 2. Nf3 g6 3. c4 Bg7 4. Nc3 O-O 5. e4 d6 6. Be2 e5 7. O-O Nc6 8. d5 Ne7 9. b4 a5 10. bxa5 Rxa5 11. a4 c5 12. Rb1 Nd7 13. Bd2 h6 14. Ne1 f5 15. exf5 Nxf5 16. Ne4 Ra6 17. Bd3 Nf6 18. Nxf6+ Qxf6 19. a5 h5 20. Nc2 Nh4 21. Rb3 Bg4 22. Be2 Bc8 23. Bd3 Rf7 24. Be4 Bg4 25. Qc1 Qe7 26. f3 Bc8 27. Bg5 Bf6 28.
Bxh4 Bxh4 29. Bxg6 Rg7 30. Bxh5 Rxa5 31. Bg4 Bg5 32. Qe1 Ra2 33. Qe4 Qd8 34. Ra3 Rxa3 35. Nxa3 Qa5 36. Bxc8 Qxa3 37. f4 exf4 38. Qe8+ 1-0

[Event "44th Chess Olympiad Open 2022"]
[Site "Chennai"]
[Date "2022.08.08"]
[Round "10.31"]
[White "Jodorcovsky Werjivker, Paulo"]
[Black "Verdier, Patrice"]
[Result "1-0"]
[WhiteElo "2213"]
[BlackElo "2017"]
[Annotator "NA RC"]
[PlyCount "43"]
[EventDate "2022.??.??"]
[TimeControl "60"]

1. d4 Nf6 2. c4 c5 3. d5 b5 4. cxb5 a6 5. Nc3 axb5 6. e4 b4 7. Nb5 d6 8. a4 bxa3 9. Rxa3 Rxa3 10. bxa3 Ba6 11. Qa4 Bxb5 12. Bxb5+ Nfd7 13. Nf3 f6 14. Bd2 Kf7 15. Qa7 Qb6 16. Qxb6 Nxb6 17. a4 e5 18. a5 Nc8 19. Ke2 Be7 20. Rb1 Bd8 21. Bc4 Nd7 22. Rb7 1-0